 Dungeon Crawl Stone Soup version 0.17.0-24-gcfadda4 (webtiles) character file.

26616 septik the Champion of Chaos (level 13, -2/82 HPs)
             Began as a Gargoyle Fighter on Nov 16, 2015.
             Was the Champion of Makhleb.
             Slain by a porcupine (8 damage)
             ... on level 5 of the Lair of Beasts.
             The game lasted 00:46:40 (13883 turns).

septik the Champion of Chaos (Gargoyle Fighter)    Turns: 13883, Time: 00:46:40

Health: -2/82      AC: 38    Str: 23    XL:     13   Next: 27%
Magic:  22/22      EV:  7    Int: 10    God:    Makhleb [******]
Gold:   995        SH:  0    Dex: 12    Spells: 0 memorised, 12 levels left

rFire  . . .     SeeInvis .     V - +3 battleaxe (freeze)
rCold  . . .     Clarity  .     f - +0 plate armour
rNeg   + + .     SustAt   .     (shield currently unavailable)
rPois  ∞         Gourm    .     c - +2 helmet
rElec  +         Spirit   .     u - +0 cloak
rCorr  .         Warding  +     s - +2 pair of gloves
rMut   .         Stasis   .     q - +0 pair of boots
MR     +....                    M - amulet of warding
Stlth  ..........               (no ring)
                                D - ring of protection from magic

@: somewhat resistant to hostile enchantments, extremely unstealthy
A: iridescent scales 1, agile 1, negative energy resistance 1, electricity
resistance, unbreathing, petrification resistance, rot immunity, AC +9
a: Minor Destruction, Lesser Servant of Makhleb, Major Destruction, Greater
Servant of Makhleb, Renounce Religion


You were on level 5 of the Lair of Beasts.
You worshipped Makhleb.
Makhleb was exalted by your worship.
You were not hungry.

You visited 4 branches of the dungeon, and saw 18 of its levels.
You also visited: Labyrinth.

You collected 995 gold pieces.

Inventory:

Hand Weapons
 y - a +2 hand crossbow of flaming
 N - a +3 mace of freezing
 V - a +3 battleaxe of freezing (weapon)
Missiles
 x - a throwing net (quivered)
Armour
 c - a +2 helmet (worn)
 f - a +0 plate armour (worn)
 q - a +0 pair of boots (worn)
 s - a +2 pair of gloves (worn)
 u - a +0 cloak (worn)
Rods
 r - a +0 lightning rod (12/12)
   (You found it on level 3 of the Dungeon)
Jewellery
 D - a ring of protection from magic (left hand)
 J - an uncursed ring of protection from fire
 M - an amulet of warding (around neck)
 P - an uncursed ring of protection from magic
Wands
 o - a wand of disintegration (8)
 E - a wand of teleportation (3)
Scrolls
 a - a scroll of identify
 k - 12 scrolls of teleportation
 R - a scroll of fog
 S - 3 scrolls of magic mapping
 T - a scroll of vulnerability
 W - 2 scrolls of blinking
Potions
 d - a potion of might
 h - 2 potions of flight
 w - 2 potions of haste
 z - 6 potions of curing
 G - 2 potions of ambrosia
 I - 2 potions of lignification
 K - 2 potions of agility
 L - 2 potions of heal wounds
 O - 3 potions of cancellation
Comestibles
 e - 3 bread rations
 m - 28 fruits


   Skills:
 + Level 10.2 Fighting
 * Level 9.2(10.4) Axes
 - Level 8.6(10.6) Maces & Flails
 + Level 10.8 Armour
   Level 7.2 Shields
 * Level 12.1 Invocations


You had 12 spell levels left.
You didn't know any spells.

Dungeon Overview and Level Annotations

Branches:
Dungeon (11/15)            Temple (1/1) D:7            Lair (5/8) D:9
  Swamp (0/4) Lair:4       Spider (0/4) Lair:3          Orc (1/4) D:9

Altars:
Ashenzari
Cheibriados
Dithmenos
Elyvilon
Fedhas
Gozag
Kikubaaqudgha
Makhleb
Nemelex Xobeh
Okawaru
Qazlal
Ru
Sif Muna
Trog
Vehumet
Xom
Yredelemnul
Zin
The Shining One
Lugonu

Shops:
D:5 [


Innate Abilities, Weirdness & Mutations

You are resistant to torment.
Your stone body is resilient (AC +9).
You are immune to poison.
You resist negative energy.
You are resistant to electric shocks.
You can survive without breathing.
You are immune to petrification.
You are immune to rotting.
You are partially covered in iridescent scales (AC +4).
You are agile. (Dex +2)


Message History

Something completely misses your cacodemon.
Your cacodemon hits the 14-headed hydra.
Your cacodemon closely misses the 14-headed hydra.
The porcupine barely misses you. Something barely misses your cacodemon.
The 14-headed hydra barely misses your cacodemon.
The 14-headed hydra bites your cacodemon. x2
The 14-headed hydra barely misses your cacodemon.
The 14-headed hydra bites your cacodemon but does no damage. x2
The 14-headed hydra misses your cacodemon.
The 14-headed hydra completely misses your cacodemon.
The 14-headed hydra bites your cacodemon.
The 14-headed hydra bites your cacodemon but does no damage.
The 14-headed hydra bites your cacodemon.
The 14-headed hydra bites your cacodemon!
The 14-headed hydra bites your cacodemon but does no damage.
The 14-headed hydra bites your cacodemon!
Your cacodemon gestures at the 14-headed hydra.
The 14-headed hydra resists with some effort.
The porcupine bites you!
You die...

.,,*##...P.###.........#......[..
#P,* ##....#.......#..##.....P...
.(.#####.'##.................P...
.(........###....................
.......+%♣..##...#...##.......###
.......#.....##.#.........P....#.
.P##..........###...##...........
.,#......#...4.r...##..#.....∩†##
,,#........#...♣@..#.....#...###,
......#....#..2D.........###.P#*,
...P#........♣...♣.#......,.....,
..........##.$.....#.............
.........P##...♣...#.............
#.........##.).....###..#.......P
**,,,,,,,*,....#....,**,.#......#
**,*,*****...##..#...,,,,,,,,,,,*
,,,,*,,**#...***..#..♣,+,*,,,,*,,


You could see a 14-headed hydra, a porcupine, a friendly cacodemon and a
friendly hellwing.

Vanquished Creatures
  A minotaur (Lab)
  A hill giant (D:10)
  4 black mambas
  6 spiny frogs
  4 komodo dragons
  A fire drake (Lair:4)
  A queen bee (D:8)
  9 blink frogs
  A giant leech (Lair:4)
  A boulder beetle (Lair:3)
  A polar bear (Lair:4)
  A trapdoor spider (Lab)
  2 hungry ghosts (D:10)
  5 hippogriffs
  39 yaks
  2 basilisks (Lab)
  15 wolves
  7 porcupines
  3 water moccasins
  A sky beast (D:8)
  10 orc warriors
  An ice beast (D:8)
  2 phantoms
  5 ogres
  5 centaurs
  6 crocodiles
  A big kobold (D:10)
  17 giant frogs
  7 scorpions
  17 killer bees (D:8)
  10 wights
  4 electric eels (D:9)
  5 crimson imps
  2 quasits
  2 giant frog zombies
  4 hounds
  5 jellies
  11 orc priests
  2 centaur zombies
  Ijyb (D:2)
  13 orc wizards
  Natasha (thrice) (D:3)
  3 iguanas
  14 worker ants
  A killer bee zombie (D:8)
  A hound zombie (D:7)
  29 river rats
  5 adders
  7 gnolls
  An adder skeleton (D:9)
  2 worms
  4 giant geckos
  78 orcs
  15 bats
  9 giant cockroaches
  14 goblins
  4 hobgoblins
  3 jackals (D:2)
  2 quokkas (D:3)
  5 ball pythons
  6 giant newts
  6 kobolds
  A quokka skeleton (D:5)
  A quokka zombie (D:8)
  11 rats
  6 fungi
  A plant (D:9)
467 creatures vanquished.

Vanquished Creatures (collateral kills)
  A hydra (Lair:2)
  3 blink frogs (Lair:2)
  A hippogriff (Lair:5)
  2 wolves (Lair:2)
  A giant frog (Lair:5)
8 creatures vanquished.

Vanquished Creatures (others)
  A giant frog (D:10)
  An orc wizard (Orc:1)
  A fungus (Lair:1)
  A plant (D:9)
4 creatures vanquished.

Grand Total: 479 creatures vanquished

Notes
Turn   | Place    | Note
--------------------------------------------------------------
     0 | D:1      | septik the Gargoyle Fighter began the quest for the Orb.
     0 | D:1      | Reached XP level 1. HP: 14/14 MP: 1/1
    51 | D:1      | Found a sparkling altar of Nemelex Xobeh.
   454 | D:1      | Reached XP level 2. HP: 19/19 MP: 2/2
   941 | D:2      | Reached XP level 3. HP: 23/23 MP: 3/3
  1169 | D:2      | Noticed Ijyb
  1215 | D:2      | Killed Ijyb
  1215 | D:2      | Reached XP level 4. HP: 19/28 MP: 4/4
  1341 | D:2      | Found a stormy altar of Qazlal.
  1485 | D:3      | Noticed Natasha
  1497 | D:3      | Killed Natasha
  1497 | D:3      | Reached skill level 4 in Armour
  1599 | D:3      | Found a basalt altar of Yredelemnul.
  1645 | D:3      | Noticed Natasha
  1650 | D:3      | Killed Natasha
  1690 | D:3      | Noticed Natasha
  1706 | D:3      | Killed Natasha
  1805 | D:3      | Reached XP level 5. HP: 33/33 MP: 5/5
  2123 | D:3      | Found a shattered altar of Ashenzari.
  2470 | D:4      | Reached XP level 6. HP: 31/38 MP: 6/6
  2563 | D:4      | Noticed an ogre
  2574 | D:4      | Killed an ogre
  2754 | D:4      | Reached skill level 5 in Armour
  2906 | D:4      | Found a burning altar of Makhleb.
  2913 | D:4      | Became a worshipper of Makhleb the Destroyer
  3226 | D:4      | Reached XP level 7. HP: 40/44 MP: 7/7
  3378 | D:5      | Entered Level 5 of the Dungeon
  3468 | D:5      | Reached skill level 5 in Maces & Flails
  3564 | D:5      | Found Rottaka's Armour Shoppe.
  3702 | D:5      | Reached skill level 5 in Fighting
  3702 | D:5      | Reached skill level 5 in Shields
  3878 | D:5      | Reached XP level 8. HP: 49/49 MP: 8/8
  3921 | D:5      | Reached * piety under Makhleb
  3942 | D:5      | Reached skill level 6 in Maces & Flails
  4392 | D:6      | Found a shadowy altar of Dithmenos.
  4535 | D:6      | Found a blossoming altar of Fedhas.
  4823 | D:6      | Found a sparkling altar of Nemelex Xobeh.
  4979 | D:6      | Gained mutation: You are partially covered in iridescent scales (AC +4). [potion of beneficial mutation]
  5051 | D:6      | Reached skill level 7 in Maces & Flails
  5137 | D:6      | Reached ** piety under Makhleb
  5141 | D:6      | Reached XP level 9. HP: 55/55 MP: 9/9
  5264 | D:7      | Reached skill level 1 in Invocations
  5735 | D:7      | Found a staircase to the Ecumenical Temple.
  5749 | Temple   | Entered the Ecumenical Temple
  6317 | D:8      | Reached *** piety under Makhleb
  6345 | D:8      | Found a burning altar of Makhleb.
  6398 | D:8      | Reached skill level 8 in Maces & Flails
  6408 | D:8      | Noticed an angel
  6409 | D:8      | Found a glowing silver altar of Zin.
  6483 | D:8      | Got an ancient quarterstaff
  6490 | D:8      | Identified the +9 quarterstaff of Regicide {flame, *Drain Int+7} (You found it on level 8 of the Dungeon)
  6605 | D:8      | Reached XP level 10. HP: 47/63 MP: 13/13
  6606 | D:8      | Reached skill level 5 in Invocations
  6880 | D:8      | Found a snail-covered altar of Cheibriados.
  6896 | D:8      | Found a sacrificial altar of Ru.
  6931 | D:8      | Got a faintly glowing chain mail
  6944 | D:8      | Identified the +1 chain mail of Grace {-Cast rN+ Stlth+} (You found it on level 8 of the Dungeon)
  7114 | D:9      | Reached **** piety under Makhleb
  7262 | D:9      | Found a staircase to the Lair.
  7270 | D:9      | Reached skill level 1 in Axes
  7315 | D:9      | Found a staircase to the Orcish Mines.
  7469 | D:9      | Found a shimmering altar of Xom.
  7514 | D:9      | Got a pair of pitted gloves
  7525 | D:9      | Identified the cursed +0 pair of gloves of the Kettle-Drum {MR- Regen+ Stlth+} (You found it on level 9 of the Dungeon)
  7977 | D:10     | Entered Level 10 of the Dungeon
  8184 | D:10     | Reached ***** piety under Makhleb
  8206 | D:10     | Reached XP level 11. HP: 68/68 MP: 16/16
  8654 | D:10     | Noticed a hill giant
  8661 | D:10     | Killed a hill giant
  8661 | D:10     | Reached skill level 5 in Axes
  8661 | D:10     | Reached skill level 9 in Armour
  8689 | D:10     | Gained mutation: You are agile. (Dex +2) [potion of beneficial mutation]
  9164 | Lair:1   | Entered Level 1 of the Lair of Beasts
  9286 | Orc:1    | Entered Level 1 of the Orcish Mines
  9310 | Orc:1    | Reached ****** piety under Makhleb
  9788 | Lair:1   | Reached XP level 12. HP: 76/76 MP: 19/19
  9950 | Lair:1   | Reached skill level 10 in Invocations
 10539 | Lair:2   | Noticed a seven-headed hydra
 10558 | Lair:2   | Killed a nine-headed hydra
 10654 | Lair:2   | Reached skill level 10 in Armour
 11457 | Lair:3   | Reached skill level 11 in Invocations
 11838 | Lair:3   | Found a hole to the Spider Nest.
 12235 | Lair:4   | Found a staircase to the Swamp.
 12575 | Lair:4   | Reached XP level 13. HP: 82/82 MP: 21/21
 12669 | Lair:4   | Reached skill level 10 in Fighting
 13337 | Lair:5   | Found a labyrinth entrance.
 13347 | Lab      | Entered a labyrinth
 13391 | Lab      | Reached skill level 12 in Invocations
 13556 | Lab      | Noticed a minotaur
 13567 | Lab      | Killed a minotaur
 13576 | Lab      | Identified Sif Muna's Guide on Shape Shifting
 13883 | Lair:5   | Slain by a porcupine

Action                   |  1- 3 |  4- 6 |  7- 9 | 10-12 | 13-15 || total
-------------------------+-------+-------+-------+-------+-------++-------
Melee: Flail             |   130 |   144 |       |       |       ||   274
       Morningstar       |       |    49 |   292 |       |       ||   341
       Mace              |       |       |   185 |       |       ||   185
       Battleaxe         |       |       |    32 |   741 |    96 ||   869
       Quarterstaff      |       |       |     8 |       |       ||     8
 Fire: Hunting sling     |       |    18 |       |       |       ||    18
Throw: Throwing net      |     1 |       |       |       |       ||     1
Invok: Lesser Servant of |       |       |       |     3 |     5 ||     8
       Greater Servant o |       |       |       |       |     1 ||     1
Evoke: Wand              |       |       |     1 |       |     3 ||     4
  Use: Scroll            |       |     8 |     9 |    12 |     7 ||    36
       Potion            |       |       |     1 |     1 |       ||     2
  Eat: Chunk             |     1 |     6 |    13 |    19 |       ||    39
       Bread ration      |       |       |       |     6 |       ||     6
       Meat ration       |       |       |       |       |     1 ||     1
       Fruit             |       |       |       |       |     1 ||     1
